 Dungeon Crawl Stone Soup version 0.30.0-29-ga12c61a403 (webtiles) character file.

Game seed: 8486765690236771007

30 safid the Chiller (level 3, -1/26 HPs)
             Began as a Merfolk Ice Elementalist on June 21, 2023.
             Slain by a hobgoblin (3 damage)
             ... on level 1 of the Dungeon.
             The game lasted 00:01:09 (744 turns).

safid the Chiller (Merfolk Ice Elementalist)         Turns: 744, Time: 00:01:10

Health: -1/26      AC:  3    Str:  8    XL:     3   Next: 18%
Magic:  4/6        EV: 12    Int: 16    God:
Gold:   38         SH:  0    Dex: 14    Spells: 5/6 levels left

rFire   . . .        c - +0 dagger
rCold   . . .        (no shield)
rNeg    . . .        a - +0 robe
rPois   .            g - +0 helmet
rElec   .            (no cloak)
rCorr   .            (no gloves)
SInv    .            (no boots)
Will    .....        (no amulet)
Stlth   ++           (no ring)
HPRegen 0.24/turn    (no ring)
MPRegen 0.10/turn

%: no passive effects
@: no status effects
A: (nimble swimmer 2), mertail
a: no special abilities


You were on level 1 of the Dungeon.
You visited 1 branch of the dungeon, and saw 1 of its levels.

You collected 38 gold pieces.

Inventory:

Hand Weapons
 c - a +0 dagger (weapon)
Armour
 a - a +0 robe (worn)
 g - a +0 helmet (worn)
Scrolls
 d - a scroll of magic mapping {unknown}
 f - a scroll of identify {unknown}
Potions
 e - 3 potions of mutation {unknown}


   Skills:
 + Level 1.5 Fighting
 - Level 2.6 Dodging
 - Level 2.1 Stealth
 + Level 2.4 Spellcasting
 + Level 4.8 Ice Magic


You had 5 spell levels left.
You knew the following spells:

 Your Spells              Type           Power      Damage    Failure   Level
a - Freeze                Ice            68%        1d8       2%          1

Your spell library contained the following spells:

 Spells                   Type           Power      Damage    Failure   Level
 Frozen Ramparts          Ice            34%        1d6       9%          3
 Ozocubu's Armour         Ice            17%        N/A       9%          3
 Summon Ice Beast         Ice/Summ       9%         N/A       58%         4


Dungeon Overview and Level Annotations

Branches:
Dungeon (1/15)

Altars:


Innate Abilities, Weirdness & Mutations

((You are very nimble when in or above water. (Stealth+, EV+, Speed+++)))
Your lower body shifts to a powerful aquatic tail in water.


Message History

Aiming: Freeze (safe; 2% risk of failure)
Press: ? - help, Shift-Dir - straight line, f - jackal
Aim: a jackal (severely wounded)
You freeze the jackal.
You kill the jackal!
The hobgoblin closely misses you.
Unknown command.
Casting: Freeze (safe; 2% risk of failure)
Confirm with . or Enter, or press ? or * to list all spells.
Aiming: Freeze (safe; 2% risk of failure)
Press: ? - help, Shift-Dir - straight line, f - endoplasm
Aim: an endoplasm You freeze the endoplasm.
The endoplasm is severely wounded.
The hobgoblin hits you.
* * * LOW HITPOINT WARNING * * *
The endoplasm completely misses you. Magic courses through your body.
The hobgoblin hits you.
* * * LOW HITPOINT WARNING * * *
The endoplasm freezes you.
You are frozen.
* * * LOW HITPOINT WARNING * * *
Casting: Freeze (safe; 2% risk of failure)
Confirm with . or Enter, or press ? or * to list all spells.
Aiming: Freeze (safe; 2% risk of failure)
Press: ? - help, Shift-Dir - straight line, f/p - endoplasm
Aim: an endoplasm (severely wounded)
You freeze the endoplasm!
You kill the endoplasm!
The hobgoblin closely misses you.
Unknown command.
Casting: Freeze (safe; 2% risk of failure)
Confirm with . or Enter, or press ? or * to list all spells.
Aiming: Freeze (safe; 2% risk of failure)
Press: ? - help, Shift-Dir - straight line, f - hobgoblin
Aim: a hobgoblin You freeze the hobgoblin.
The hobgoblin is moderately wounded.
The hobgoblin hits you.
You die...

#.. ...###+##### #.. ........(.#
### ##. ......... #.####. .......
# #...... ....[ .# #.###.. ... ..
#.#.... ####†#'# #.###.# #..†@†.#
#.# #.# ####+###### #....g.# #.#
#.# ..........# #......# #.# #.#
..........# #......# #.###.#
..........###......# #.#....
....).....+..†.....# #.#.##.
..........###....#.########....+.
..........# #.................##.
..........# #...##.######........


You could see a hobgoblin.

Vanquished Creatures
  2 dart slugs (D:1)
  2 bats (D:1)
  3 endoplasms (D:1)
  2 goblins (D:1)
  4 jackals (D:1)
  2 quokkas (D:1)
  2 ball pythons (D:1)
  3 frilled lizards (D:1)
  A kobold (D:1)
  2 rats (D:1)
23 creatures vanquished.

Notes
Turn   | Place    | Note
-------+----------+-------------------------------------------
     0 | D:1      | safid the Merfolk Ice Elementalist began the quest for the
                  | Orb.
     0 | D:1      | Reached XP level 1. HP: 13/13 MP: 3/3
   306 | D:1      | Reached XP level 2. HP: 20/20 MP: 3/5
   312 | D:1      | Reached skill level 1 in Fighting
   724 | D:1      | Reached XP level 3. HP: 22/26 MP: 2/6
   744 | D:1      | Slain by a hobgoblin

Illustrated notes

Levels and vault maps discovered:
D:1:      ebering_trefoil_twist, layout_basic

Skill      XL: |  1  2 |
---------------+-------+-----
Fighting       | 1 |  1.5
Dodging        | |  2.6
Stealth        | |  2.1
Spellcasting   | |  2.4
Ice Magic      | |  4.8

Action                     || total
---------------------------++-------
  Melee: Dagger            ||    44
   Cast: Freeze            ||    25
    Use: Potion            ||     1
   Stab: Sleeping          ||     2
 Armour: Robe              ||    27
  Dodge: Dodged            ||    64
